 Dungeon Crawl Stone Soup version 0.28-a0-1312-g71652a0310 (webtiles) character file.

Game seed: 4678004627861783535

17262 bearlyready the Thaumaturge (level 12, -13/91 HPs)
             Began as a Gnoll Air Elementalist on Dec 27, 2021.
             Was a High Priest of Cheibriados.
             Killed from afar by Jorgrun (19 damage)
             ... with an iron shot
             ... while petrified by Jorgrun
             ... on level 13 of the Dungeon.
             The game lasted 00:24:12 (18015 turns).

bearlyready the Thaumaturge (GnAE)                 Turns: 18015, Time: 00:24:12

Health: -13/91     AC: 16    Str: 19    XL:     12   Next: 46%
Magic:  10/25      EV:  2    Int: 45    God:    Cheibriados [*****.]
Gold:   325        SH:  0    Dex: 31    Spells: 16/29 levels left

rFire   . . .      SeeInvis .   Z - +1 war axe (elec)
rCold   + . .      Faith    .   (no shield)
rNeg    + + +      Spirit   .   m - +2 ring mail of Emauf {Regen+ Int+6}
rPois   ∞          Reflect  .   (helmet restricted)
rElec   .          Harm     .   (no cloak)
rCorr   .          Rampage  .   P - +1 pair of gloves
Will    .....                   n - +0 pair of boots
Stlth   ++++......              T - amulet of the acrobat
HPRegen 1.05/turn               j - +6 ring of intelligence
MPRegen 0.19/turn               e - ring "Deesownud" {AC+4 Dex+8}

@: petrified, very slow
A: fangs 1, strong nose, distributed training, horns 1, clever 1, cold
resistance 1, sense surroundings 1
a: Renounce Religion, Bend Time, Temporal Distortion, Slouch, Step From Time


You were on level 13 of the Dungeon.
You worshipped Cheibriados.
Cheibriados was extremely pleased with you.
You visited 2 branches of the dungeon, and saw 14 of its levels.

You collected 709 gold pieces.
You spent 384 gold pieces at shops.

Inventory:

Hand Weapons
 r - a +0 hunting sling
 D - a +0 flail of protection
 W - a +2 dagger of venom
 Z - a +1 war axe of electrocution (weapon)
Missiles
 c - 232 stones
 l - 113 bolts
 p - 95 sling bullets
 q - 6 boomerangs
 O - 4 poisoned darts
Armour
 m - the +2 ring mail of Emauf (worn) {Regen+ Int+6}
   (You took it off an orc on level 6 of the Dungeon)

   Int:       It affects your intelligence (+6).
   Regen:     It increases your rate of health regeneration.
 n - a +0 pair of boots (worn)
 H - a +1 helmet of see invisible
 I - +0 acid dragon scales
 P - a +1 pair of gloves (worn)
Jewellery
 e - the ring "Deesownud" (right hand) {AC+4 Dex+8}
   (You acquired it on level 5 of the Dungeon)

   [ring of protection]

   AC:        It affects your AC (+4).
   Dex:       It affects your dexterity (+8).
 j - a +6 ring of intelligence (left hand)
 k - a ring of protection from fire
 o - a ring of willpower
 v - a ring of wizardry
 T - an amulet of the acrobat (around neck)
 Y - an amulet of faith
Wands
 u - a wand of polymorph (11)
 y - a wand of flame (32)
Scrolls
 a - 3 scrolls of vulnerability {unknown}
 b - 6 scrolls of enchant armour
 d - 3 scrolls of amnesia
 f - 6 scrolls of teleportation
 x - a scroll of immolation {unknown}
 A - 4 scrolls of silence
 C - a scroll of magic mapping {unknown}
 E - 4 scrolls of noise
 M - a scroll of fear
 N - a scroll of blinking {unknown}
 Q - a scroll of torment
 R - a scroll of fog {unknown}
 V - 3 scrolls of holy word
 X - a scroll of brand weapon
Potions
 i - 2 potions of heal wounds
 s - a potion of haste
 t - a potion of ambrosia
 w - 2 potions of flight
 z - 2 potions of degeneration {unknown}
 B - 8 potions of curing
 G - a potion of attraction {unknown}
 J - a potion of cancellation
 K - a potion of might
 L - a potion of brilliance {unknown}
 S - a potion of magic {unknown}
 U - a potion of lignification {unknown}


   Skills:
 + Level 7.3 Fighting
 + Level 7.3 Short Blades
 + Level 7.3 Long Blades
 + Level 7.3 Axes
 + Level 7.3 Maces & Flails
 + Level 7.3 Polearms
 + Level 7.3 Staves
 + Level 7.3 Slings
 + Level 7.3 Bows
 + Level 7.3 Crossbows
 + Level 7.3 Throwing
 + Level 7.3 Armour
 + Level 8.7 Dodging
 + Level 8.5 Stealth
 + Level 7.3 Shields
 + Level 7.3 Unarmed Combat
 + Level 9.0 Spellcasting
 + Level 6.5 Conjurations
 + Level 6.0 Hexes
 + Level 6.0 Summonings
 + Level 6.0 Necromancy
 + Level 6.0 Translocations
 + Level 6.0 Transmutations
 + Level 6.0 Fire Magic
 + Level 6.0 Ice Magic
 + Level 8.3 Air Magic
 + Level 6.0 Earth Magic
 + Level 6.0 Poison Magic
 + Level 8.0 Invocations
 + Level 7.3 Evocations


You had 16 spell levels left.
You knew the following spells:

 Your Spells              Type           Power      Damage    Failure   Level
a - Shock                 Conj/Air       100%       1d9       1%          1
b - Airstrike             Air            38%        N/A       1%          4
c - Frozen Ramparts       Ice            100%       1d12      1%          3
d - Lightning Bolt        Conj/Air       36%        1d54      3%          5

Your spell library contained the following spells:

 Spells                   Type           Power      Damage    Failure   Level
 Blink                    Tloc           100%       N/A       1%          2
 Ensorcelled Hibernation  Hex/Ice        100%       N/A       1%          2
 Static Discharge         Conj/Air       72%        N/A       1%          2
 Call Canine Familiar     Summ           66%        N/A       1%          3
 Conjure Flame            Conj/Fire      67%        6-21      1%          3
 Dazzling Flash           Conj/Hex       100%       N/A       1%          3
 Gell's Gravitas          Tloc           66%        N/A       1%          3
 Ignite Poison            Fire/Tmut/Pois 66%        N/A       1%          3
 Lesser Beckoning         Tloc           66%        N/A       1%          3
 Portal Projectile        Hex/Tloc       100%       N/A       1%          3
 Summon Guardian Golem    Hex/Summ       66%        N/A       1%          3
 Swiftness                Air            76%        N/A       1%          3
 Teleport Other           Tloc           66%        N/A       1%          3
 Tukima's Dance           Hex            66%        N/A       1%          3
 Ice Form                 Ice/Tmut       66%        N/A       1%          4
 Leda's Liquefaction      Hex/Erth       33%        N/A       1%          4
 Sticky Flame             Conj/Fire      67%        2d8       1%          4
 Summon Ice Beast         Ice/Summ       66%        N/A       1%          4
 Silence                  Hex/Air        35%        N/A       3%          5
 Agony                    Necr           66%        N/A       4%          5
 Manifold Assault         Tloc           66%        N/A       4%          5
 Dispersal                Tloc           33%        N/A       28%         6
 Storm Form               Tmut/Air       35%        N/A       69%         7
 Orb of Destruction       Conj           34%        9d12      78%         7
 Spellforged Servitor     Conj/Summ      33%        N/A       82%         7
 Enfeeble                 Hex            33%        N/A       83%         7
 Maxwell's Capacitive Co  Air            38%        ∞         99%         8


Dungeon Overview and Level Annotations

Branches:
Dungeon (13/15)            Temple (1/1) D:6            Lair (0/6) D:8
    Orc (0/2) D:10
 Vaults: D:13-14

Altars:
Ashenzari
Cheibriados
Dithmenos
Elyvilon
Fedhas
Gozag
Hepliaklqana
Kikubaaqudgha
Makhleb
Nemelex Xobeh
Okawaru
Qazlal
Ru
Sif Muna
Trog
Uskayaw
Vehumet
Wu Jian
Xom
Yredelemnul
Zin
The Shining One

Shops:
D:5 [   D:8 !   D:13 =

Annotations:
D:5 Duvessa
D:13 Jorgrun


Innate Abilities, Weirdness & Mutations

You have very sharp teeth.
Your uncanny sense of smell can sniff out nearby items.
Your experience applies equally to all skills.
You have a pair of small horns on your head.
Your mind is acute. (Int +2)
Your flesh is cold resistant. (rC+)
You passively map a small area around you.


Message History

Confirm with . or Enter, or press ? or * to list all spells.
Aiming: Airstrike (mildly dangerous; 1% risk of failure)
Press: ? - help, Dir - move target, f/p - Jorgrun
Aim: Jorgrun, wielding a +0 vorpal quarterstaff and wearing a +1 robe of the Archmagi (lightly wounded, empty space bonus: 5/8)
The air twists around and strikes Jorgrun!
Jorgrun is moderately wounded.
Casting: Airstrike (mildly dangerous; 1% risk of failure)
Confirm with . or Enter, or press ? or * to list all spells.
Aiming: Airstrike (mildly dangerous; 1% risk of failure)
Press: ? - help, Dir - move target, f/p - Jorgrun
Aim: Jorgrun, wielding a +0 vorpal quarterstaff and wearing a +1 robe of the Archmagi (moderately wounded, empty space bonus: 5/8)
The air twists around and strikes Jorgrun!
Jorgrun is moderately wounded.
Jorgrun gestures at you while chanting. The iron shot hits you!!!
Ouch! That really hurt!
The deep elf zephyrmancer gestures at you while chanting.
The bolt of lightning hits you!
* * * LOW HITPOINT WARNING * * *
Jorgrun casts a spell at the rock wall.
Some rock shatters into small pieces.
The deep elf zephyrmancer points at you and mumbles some strange words.
The bolt of lightning misses you.
Jorgrun points at you and mumbles some strange words.
You are slowing down.
Your limbs are stiffening.
There is a stone staircase leading up here.
The deep elf zephyrmancer gestures at you while chanting.
The bolt of lightning hits you!
* * * LOW HITPOINT WARNING * * *
Jorgrun hits you with a +0 vorpal quarterstaff!
* * * LOW HITPOINT WARNING * * *
The deep elf zephyrmancer points at you and mumbles some strange words.
The bolt of lightning hits you!
* * * LOW HITPOINT WARNING * * *
You have turned to stone.
The vampire mosquito bites you but does no damage. x2
Jorgrun points at you and mumbles some strange words.
The iron shot hits you!!!
You die...

..y......... ,
............ ,
....y....... ## *
............ #.* *
....g....... #.
..8..........#####.## *
,,
....y.......,.......,
#..<.....# *#y..# ,
#........# ##g@.# ,
#....∩....###....#
..............[...# * *
........>.........e....
..####......##########.
.. *....8# * , * * * ..
* ##.... ,, , , , , . ,
, , , , ,


You could see Jorgrun, a deep elf zephyrmancer and a vampire mosquito.

Vanquished Creatures
  A hydra (D:11)
  3 two-headed ogres
  Nergalle (D:11)
  A deep elf pyromancer (D:11)
  Pikel (D:7)
  A cyclops (D:11)
  Joseph (D:9)
  A gargoyle (D:12)
  An unseen horror (D:11)
  A kobold demonologist (D:12)
  A troll (D:10)
  Prince Ribbit (D:6)
  A hornet (D:8)
  A meliai zombie (D:12)
  3 wraiths
  14 yaks
  3 wyverns
  Grum (D:9)
  Eustachio (D:6)
  2 acid dragons
  3 water moccasins
  2 black bears (D:5)
  3 ice beasts
  3 sky beasts
  2 ogres
  13 orc warriors
  4 necrophages
  A centaur (D:11)
  2 wolves (D:9)
  2 bullfrogs (D:7)
  2 wyvern zombies (D:7)
  A gnoll sergeant (D:10)
  3 scorpions
  Dowan (D:5)
  A wyvern skeleton (D:7)
  3 water moccasin skeletons (D:5)
  9 killer bees (D:10)
  4 wights (D:12)
  3 howler monkeys
  9 centaur zombies
  A bullfrog zombie (D:7)
  4 hounds
  4 jellies
  A gnoll shaman (D:6)
  13 orc priests
  A bullfrog skeleton (D:6)
  3 centaur skeletons
  4 iguanas
  8 orc wizards
  A mummy (D:12)
  2 howler monkey zombies
  2 adders
  5 gnolls
  2 white imps
  2 ufetubi
  An adder skeleton (D:4)
  54 orcs
  2 bats
  5 endoplasms
  A giant cockroach (D:2)
  7 goblins
  4 hobgoblins
  4 jackals (D:1)
  A quokka (D:4)
  5 ball pythons
  4 frilled lizards
  A jackal skeleton (D:4)
  6 kobolds
  A quokka skeleton (D:4)
  5 rats (D:3)
265 creatures vanquished.

Vanquished Creatures (others)
  3 plants (D:4)
3 creatures vanquished.

Grand Total: 268 creatures vanquished

Notes
Turn   | Place    | Note
-------+----------+-------------------------------------------
     0 | D:1      | bearlyready the Gnoll Air Elementalist began the quest for
                  | the Orb.
     0 | D:1      | Reached XP level 1. HP: 13/13 MP: 6/6
   102 | D:1      | Found a faded altar of an unknown god.
   757 | D:1      | Reached XP level 2. HP: 20/20 MP: 4/7
  2072 | D:3      | Reached XP level 3. HP: 25/25 MP: 6/9
  2074 | D:3      | Reached skill level 5 in Spellcasting
  2804 | D:3      | Reached skill level 1 in Invocations
  3063 | D:3      | Reached skill level 1 in Fighting
  3063 | D:3      | Reached skill level 1 in Short Blades
  3063 | D:3      | Reached skill level 1 in Long Blades
  3063 | D:3      | Reached skill level 1 in Axes
  3063 | D:3      | Reached skill level 1 in Maces & Flails
  3063 | D:3      | Reached skill level 1 in Polearms
  3063 | D:3      | Reached skill level 1 in Staves
  3063 | D:3      | Reached skill level 1 in Slings
  3063 | D:3      | Reached skill level 1 in Bows
  3063 | D:3      | Reached skill level 1 in Crossbows
  3063 | D:3      | Reached skill level 1 in Throwing
  3063 | D:3      | Reached skill level 1 in Armour
  3063 | D:3      | Reached skill level 1 in Shields
  3063 | D:3      | Reached skill level 1 in Unarmed Combat
  3063 | D:3      | Reached skill level 1 in Evocations
  3483 | D:4      | Reached XP level 4. HP: 16/32 MP: 0/11
  3731 | D:4      | Reached skill level 1 in Hexes
  3731 | D:4      | Reached skill level 1 in Summonings
  3731 | D:4      | Reached skill level 1 in Necromancy
  3731 | D:4      | Reached skill level 1 in Translocations
  3731 | D:4      | Reached skill level 1 in Transmutations
  3731 | D:4      | Reached skill level 1 in Fire Magic
  3731 | D:4      | Reached skill level 1 in Ice Magic
  3731 | D:4      | Reached skill level 1 in Earth Magic
  3731 | D:4      | Reached skill level 1 in Poison Magic
  3953 | D:4      | Gained mutation: Potions are less effective at restoring
                  | your health. [potion of mutation]
  3953 | D:4      | Gained mutation: Your magical capacity is low. (-10% MP)
                  | [potion of mutation]
  3953 | D:4      | Gained mutation: Your flesh is cold resistant. (rC+)
                  | [potion of mutation]
  3966 | D:4      | Reached XP level 5. HP: 35/37 MP: 3/11
  4232 | D:4      | Lost mutation: Potions are less effective at restoring your
                  | health. [potion of mutation]
  4232 | D:4      | Lost mutation: Your magical capacity is low. (-10% MP)
                  | [potion of mutation]
  4232 | D:4      | Gained mutation: Your mind is acute. (Int +2) [potion of
                  | mutation]
  4232 | D:4      | Gained mutation: You passively map a small area around you.
                  | [potion of mutation]
  4232 | D:4      | Gained mutation: You have a pair of small horns on your
                  | head. [potion of mutation]
  4257 | D:4      | Noticed a phantom
  4333 | D:5      | Entered Level 5 of the Dungeon
  4358 | D:5      | Learned a level 4 spell: Airstrike
  4492 | D:5      | Noticed a black bear
  4496 | D:5      | Killed a black bear
  4497 | D:5      | Reached XP level 6. HP: 44/44 MP: 0/13
  4789 | D:5      | Reached skill level 5 in Dodging
  5066 | D:5      | Noticed a black bear
  5081 | D:5      | Killed a black bear
  5082 | D:5      | Reached XP level 7. HP: 50/50 MP: 2/15
  5316 | D:5      | Found a radiant altar of Vehumet.
  5316 | D:5      | Found a shimmering blue altar of Sif Muna.
  5486 | D:5      | Reached skill level 5 in Stealth
  5697 | D:5      | Found Qotzo's Armour Boutique.
  6068 | D:4      | Reached XP level 8. HP: 57/57 MP: 10/16
  6780 | D:6      | Identified the +2 ring mail of Emauf {Regen+ Int+6}
  6797 | D:5      | Reached skill level 6 in Spellcasting
  7049 | D:5      | Identified a scroll of acquirement
  7051 | D:5      | Acquired the ring "Deesownud" {AC+4 Dex+8}
  7363 | D:6      | Noticed Prince Ribbit
  7475 | D:6      | Killed Prince Ribbit
  7476 | D:6      | Reached XP level 9. HP: 65/65 MP: 5/18
  7742 | D:6      | Noticed Duvessa
  7743 | D:6      | Noticed Dowan
  7918 | D:5      | Killed Dowan
  8482 | D:6      | Noticed Eustachio
  8493 | D:6      | Killed Eustachio
  8872 | D:6      | Found a staircase to the Ecumenical Temple.
  8882 | Temple   | Entered the Ecumenical Temple
  9041 | Temple   | Became a worshipper of Cheibriados the Contemplative
  9237 | D:7      | Noticed Pikel
  9240 | D:7      | Killed Pikel
  9241 | D:7      | Reached skill level 5 in Invocations
  9739 | D:7      | Reached skill level 7 in Spellcasting
  9897 | D:7      | Reached XP level 10. HP: 73/73 MP: 20/20
 10386 | D:7      | Reached skill level 5 in Fighting
 10386 | D:7      | Reached skill level 5 in Short Blades
 10386 | D:7      | Reached skill level 5 in Long Blades
 10386 | D:7      | Reached skill level 5 in Axes
 10386 | D:7      | Reached skill level 5 in Maces & Flails
 10386 | D:7      | Reached skill level 5 in Polearms
 10386 | D:7      | Reached skill level 5 in Staves
 10386 | D:7      | Reached skill level 5 in Slings
 10386 | D:7      | Reached skill level 5 in Bows
 10386 | D:7      | Reached skill level 5 in Crossbows
 10386 | D:7      | Reached skill level 5 in Throwing
 10386 | D:7      | Reached skill level 5 in Armour
 10386 | D:7      | Reached skill level 5 in Shields
 10386 | D:7      | Reached skill level 5 in Unarmed Combat
 10386 | D:7      | Reached skill level 5 in Evocations
 10576 | D:7      | Reached * piety under Cheibriados
 10726 | D:8      | Found a staircase to the Lair.
 10883 | D:8      | Noticed a two-headed ogre
 10888 | D:8      | Killed a two-headed ogre
 11107 | D:8      | Found Wupusikhlu's Distillery.
 11243 | D:8      | Bought a potion of cancellation for 128 gold pieces
 11243 | D:8      | Bought 3 potions of curing for 144 gold pieces
 11243 | D:8      | Bought a potion of curing for 48 gold pieces
 11243 | D:8      | Bought a potion of might for 64 gold pieces
 11467 | D:9      | Reached skill level 5 in Conjurations
 11984 | D:9      | Noticed Grum
 11997 | D:9      | Killed Grum
 12511 | D:9      | Noticed Joseph
 12520 | D:9      | Killed Joseph
 12521 | D:9      | Reached XP level 11. HP: 68/81 MP: 2/22
 12784 | D:10     | Entered Level 10 of the Dungeon
 12808 | D:10     | Noticed a two-headed ogre
 12815 | D:10     | Reached ** piety under Cheibriados
 13345 | D:10     | Reached *** piety under Cheibriados
 13346 | D:10     | Reached skill level 5 in Hexes
 13346 | D:10     | Reached skill level 5 in Summonings
 13346 | D:10     | Reached skill level 5 in Necromancy
 13346 | D:10     | Reached skill level 5 in Translocations
 13346 | D:10     | Reached skill level 5 in Transmutations
 13346 | D:10     | Reached skill level 5 in Fire Magic
 13346 | D:10     | Reached skill level 5 in Ice Magic
 13346 | D:10     | Reached skill level 5 in Earth Magic
 13346 | D:10     | Reached skill level 5 in Poison Magic
 13474 | D:10     | Found a staircase to the Orcish Mines.
 13560 | D:10     | Killed a two-headed ogre
 13561 | D:10     | Reached skill level 8 in Spellcasting
 14477 | D:11     | Identified the +0 chain mail of Precision Catastrophes
                  | {rPois rF+ Str-5 SInv}
 15098 | D:11     | Noticed Nergalle
 15105 | D:11     | Killed Nergalle
 15117 | D:11     | Learned a level 3 spell: Frozen Ramparts
 15123 | D:11     | Learned a level 5 spell: Lightning Bolt
 15390 | D:11     | Noticed a deep elf pyromancer
 15395 | D:11     | Killed a deep elf pyromancer
 15557 | D:11     | Noticed a two-headed ogre
 15568 | D:11     | Killed a two-headed ogre
 15864 | D:11     | Noticed a seven-headed hydra
 15870 | D:11     | Killed a seven-headed hydra
 16018 | D:11     | Reached **** piety under Cheibriados
 16319 | D:12     | Reached XP level 12. HP: 72/89 MP: 11/24
 17375 | D:12     | Found a blossoming altar of Fedhas.
 17649 | D:12     | Reached ***** piety under Cheibriados
 17880 | D:13     | Noticed Jorgrun
 17880 | D:13     | Found Juetz's Jewellery Shop.
 17886 | D:12     | Reached skill level 9 in Spellcasting
 18015 | D:13     | Killed from afar by Jorgrun

Illustrated notes

Levels and vault maps discovered:
D:1:      dpeg_arrival_simpleton_b, layout_basic,
          hellmonk_ecumenical_altar_pennies_from_heaven, serial_corexii_hall,
          corexii_hall_statues_i, corexii_hall_statues_u, minmay_door_square
D:2:      layout_loops_cross, minivault_4, corexii_corridor_pit
D:3:      layout_basic
D:4:      layout_gridville, serial_bayou, serial_bayou_shore_b,
          serial_bayou_pond_d, serial_bayou_pond_e, serial_bayou_pond_d,
          serial_bayou_pond_e, serial_bayou_pond_b, hangedman_decor_push,
          kennysheep_generic_room_12
D:5:      layout_basic, chequers_temple_overflow_statue_of_worship,
          serial_shops, shop, kennysheep_generic_room_11
D:6:      wad_crossroads, layout_rooms, minmay_temple_entry_proselytizer,
          minmay_liquid_box, uniq_duvessa, uniq_prince_ribbit1, uniq_eustachio
D:7:      layout_loops_ring, minmay_misc_feat_square, minmay_tree_intersection,
          grunt_ministairs_12, uniq_pikel
D:8:      layout_rooms, lair_entry_dummy, serial_shops,
          nicolae_shop_advertising_works [nicolae_subvault_shop_adworks]
D:9:      layout_cave_pools, uniq_grum, uniq_joseph
D:10:     layout_irregular_city, hiddenorc1_lemuel, minmay_orc_keep
D:11:     layout_grid_maze, hangedman_decor_riveting, dk_noncrumbling_4,
          minmay_librarian, uniq_nergalle
D:12:     layout_long_grid, special_room [special_room_orc], serial_undead,
          serial_undead_d, serial_undead_a, serial_undead_f, serial_undead_d,
          serial_undead_f, serial_undead_e, serial_undead_f, serial_undead_e,
          fedhas_altar_4
D:13:     layout_long_grid, grunt_vaults_entry_fortified, serial_shops,
          nicolae_stop_n_shop_1, minmay_guarded_unrand_finisher, uniq_jorgrun
Temple:   regret_index_temple_chain_breaker

Skill      XL: |  1  2  3  4  5  6  7  8  9 10 11 12 |
---------------+-------------------------------------+-----
Conjurations   | 2 3 4 5 6 |  6.5
Spellcasting   | 5 6 7 8 9 |  9.0
Invocations    | 1 2 3 4 5 6 7 8 |  8.0
Fighting       | 1 2 3 4 5 6 7 |  7.3
Short Blades   | 1 2 3 4 5 6 7 |  7.3
Long Blades    | 1 2 3 4 5 6 7 |  7.3
Axes           | 1 2 3 4 5 6 7 |  7.3
Maces & Flails | 1 2 3 4 5 6 7 |  7.3
Polearms       | 1 2 3 4 5 6 7 |  7.3
Staves         | 1 2 3 4 5 6 7 |  7.3
Slings         | 1 2 3 4 5 6 7 |  7.3
Bows           | 1 2 3 4 5 6 7 |  7.3
Crossbows      | 1 2 3 4 5 6 7 |  7.3
Throwing       | 1 2 3 4 5 6 7 |  7.3
Armour         | 1 2 3 4 5 6 7 |  7.3
Shields        | 1 2 3 4 5 6 7 |  7.3
Unarmed Combat | 1 2 3 4 5 6 7 |  7.3
Evocations     | 1 2 3 4 5 6 7 |  7.3
Hexes          | 1 2 3 4 5 6 |  6.0
Summonings     | 1 2 3 4 5 6 |  6.0
Necromancy     | 1 2 3 4 5 6 |  6.0
Translocations | 1 2 3 4 5 6 |  6.0
Transmutations | 1 2 3 4 5 6 |  6.0
Fire Magic     | 1 2 3 4 5 6 |  6.0
Ice Magic      | 1 2 3 4 5 6 |  6.0
Earth Magic    | 1 2 3 4 5 6 |  6.0
Poison Magic   | 1 2 3 4 5 6 |  6.0
Dodging        | 5 6 7 8 |  8.7
Stealth        | 5 6 7 8 |  8.5
Air Magic      | 6 7 8 |  8.3

Action                   |  1- 3 |  4- 6 |  7- 9 | 10-12 || total
-------------------------+-------+-------+-------+-------++-------
Melee: Unarmed           |    15 |       |       |       ||    15
       Dagger            |       |    10 |   115 |   337 ||   462
       Headbutt          |       |     1 |    17 |   117 ||   135
       Bite              |       |     1 |    15 |    70 ||    86
       Punch             |       |       |       |    25 ||    25
       War axe           |       |       |       |    19 ||    19
Throw: Boomerang         |       |       |     1 |       ||     1
       Dart              |       |       |       |     4 ||     4
 Cast: Shock             |    78 |    35 |    26 |       ||   139
       Airstrike         |       |    10 |    86 |   168 ||   264
       Frozen Ramparts   |       |       |       |    14 ||    14
       Lightning Bolt    |       |       |       |     6 ||     6
Evoke: Wand              |       |       |       |     9 ||     9
  Use: Potion            |       |     3 |     3 |       ||     6
       Scroll            |       |       |     9 |     8 ||    17
 Stab: Sleeping          |     1 |       |     4 |     3 ||     8
       Invisible         |       |       |     1 |       ||     1
       Distracted        |       |       |       |     1 ||     1
Armor: Robe              |     6 |     2 |    13 |       ||    21
       Ring mail         |       |       |    41 |   165 ||   206
Dodge: Dodged            |    29 |    18 |   102 |   419 ||   568

Table legend: (Time is in decaauts)
 A = Elapsed time spent in this place.
 B = Non-inter-level travel time spent in this place.
 C = Inter-level travel time spent in this place.
 D = Time resting spent in this place.
 E = Time spent auto-exploring this place.
 F = Levels seen in this place.
 G = Mean time per level.
                   A        B        C        D        E       F      G
               +--------+--------+--------+--------+--------+-----+--------+
         Total |  20261 |  19669 |    592 |   1979 |  14878 |  14 | 1447.2 |
       Dungeon |  20076 |  19521 |    555 |   1979 |  14749 |  13 | 1544.3 |
        Temple |    185 |    148 |     37 |      0 |    129 |   1 |  185.0 |
               +--------+--------+--------+--------+--------+-----+--------+

Top non-repeatable levels by time:
     D:5: 2856 daAuts
    D:12: 2428 daAuts
    D:11: 2301 daAuts
    D:10: 2196 daAuts
     D:7: 1611 daAuts
     D:4: 1542 daAuts
     D:3: 1392 daAuts
     D:1: 1298 daAuts
     D:9: 1282 daAuts
     D:6: 1278 daAuts
     D:8: 1141 daAuts
     D:2: 728 daAuts
  Temple: 185 daAuts
    D:13: 18 daAuts
